 Dungeon Crawl Stone Soup version 0.28-a0-691-gad6df49e81 (webtiles) character file.

Game seed: 8083274234153516158

507038 jasper the Slayer (level 24, -1/206 (208) HPs)
             Began as a Demonspawn Artificer on Oct 23, 2021.
             Was the Champion of Wu Jian.
             Slain by a titan simulacrum (10 damage)
             ... on level 4 of the Vaults.
             The game lasted 01:56:21 (60434 turns).

jasper the Slayer (Demonspawn Artificer)           Turns: 60434, Time: 01:56:21

HP:   -1/206 (208)  AC: 26    Str: 25    XL:     24   Next: 20%
MP:   23/23         EV: 25    Int: 15    God:    Wu Jian [******]
Gold: 2857          SH: 21    Dex: 25    Spells: 13/23 levels left

rFire   + . .      SeeInvis .   l - +9 morningstar of a Billion Mouths {vorpal, Str+4 Dex+2}
rCold   + . .      Faith    .   R - +5 kite shield {reflect}
rNeg    + . .      Spirit   .   n - +11 chain mail of Sif Muna's Anger {rElec Will+ Dex+3}
rPois   .          Reflect  +   (helmet unavailable)
rElec   +          Harm     .   m - scarf {rC+ rF+}
rCorr   +          Rampage  +   v - -4 pair of gloves of Doguog {Will+ Regen+ Str+7 Slay+3}
Will    +++..                   k - +2 pair of boots {rampage}
Stlth   ..........              w - amulet of regeneration
HPRegen 2.44/turn               C - ring of Naos {rCorr Dex-2 Slay+5}
MPRegen 0.18/turn               u - ring of positive energy

@: lethally poisoned (-1 -> -2), studying 7 skills, lightly drained, repel
missiles
A: horns 3, repulsion field 3, demonic guardian 3, powered by pain 3,
augmentation 3
}: 2/15 runes: barnacled, gossamer
a: Renounce Religion, Wall Jump, Serpent's Lash, Heavenly Storm


You were on level 4 of the Vaults.
You worshipped Wu Jian.
Wu Jian was exalted by your worship.
You visited 9 branches of the dungeon, and saw 44 of its levels.
You visited the Abyss 1 time.
You visited 1 bazaar.
You also visited: Trove and Ossuary.

You collected 7811 gold pieces.
You spent 4954 gold pieces at shops.

Inventory:

Hand Weapons
 l - the +9 morningstar of a Billion Mouths (weapon) {vorpal, Str+4 Dex+2}
   (You bought it in a shop on level 6 of the Dungeon)

   It inflicts extra damage upon your enemies.
   Str:       It affects your strength (+4).
   Dex:       It affects your dexterity (+2).
Missiles
 H - 22 throwing nets
Armour
 k - a +2 pair of boots of rampaging (worn)
 m - a scarf of resistance (worn)
 n - the +11 chain mail of Sif Muna's Anger (worn) {rElec Will+ Dex+3}
   (You found it on level 12 of the Dungeon)

   Dex:       It affects your dexterity (+3).
   rElec:     It insulates you from electricity.
   Will:      It increases your willpower.
 v - the -4 pair of gloves of Doguog (worn) {Will+ Regen+ Str+7 Slay+3}
   (You acquired it on level 15 of the Dungeon)

   Str:       It affects your strength (+7).
   Slay:      It affects your accuracy & damage with ranged weapons and melee
   (+3).
   Regen:     It increases your rate of health regeneration.
   Will:      It increases your willpower.
 R - a +5 kite shield of reflection (worn)
Jewellery
 c - a ring of protection from cold
 o - a ring of poison resistance
 u - a ring of positive energy (right hand)
 w - an amulet of regeneration (around neck)
 C - the ring of Naos (left hand) {rCorr Dex-2 Slay+5}
   (You found it in an ossuary)

   [ring of resist corrosion]

   Dex:       It affects your dexterity (-2).
   Slay:      It affects your accuracy & damage with ranged weapons and melee
   (+5).
   rCorr:     It protects you from acid and corrosion.
 K - a ring of protection from fire
Wands
 i - a wand of charming (31)
 r - a wand of flame (47)
 t - a wand of iceblast (25) (quivered)
 x - a wand of paralysis (29)
 y - a wand of polymorph (36)
 W - a wand of mindburst (15)
 Y - a wand of acid (26)
 Z - a wand of digging (21)
Scrolls
 b - 20 scrolls of teleportation
 d - a scroll of enchant armour
 e - 6 scrolls of blinking
 j - 7 scrolls of fear
 p - 6 scrolls of fog
 s - a scroll of summoning
 A - 4 scrolls of silence
 G - 9 scrolls of enchant weapon
 J - 5 scrolls of brand weapon
 M - 6 scrolls of vulnerability
 N - 6 scrolls of torment
 Q - 4 scrolls of magic mapping
 X - 3 scrolls of immolation
Potions
 a - 7 potions of haste
 f - 11 potions of ambrosia
 g - 7 potions of heal wounds
 h - 3 potions of invisibility
 q - 27 potions of curing
 z - 4 potions of berserk rage
 E - 3 potions of mutation
 F - 14 potions of might
 I - 3 potions of resistance
 O - 3 potions of flight
 P - 3 potions of cancellation
 U - 7 potions of lignification
Miscellaneous
 B - a condenser vane (inert)
 D - a lightning rod (4/4)
 L - a phial of floods
 S - a tin of tremorstones (inert)
 T - a box of beasts
 V - a phantom mirror


   Skills:
 + Level 21.3 Fighting
 - Level 3.5(11.9) Axes
 + Level 17.3(17.4) Maces & Flails
 + Level 17.1 Armour
 + Level 16.5 Dodging
 - Level 0.8 Stealth
 + Level 17.6 Shields
 * Level 18.5 Evocations


You had 13 spell levels left.
You knew the following spells:

 Your Spells              Type           Power      Damage    Failure   Level
a - Blink                 Tloc           N/A        N/A       82%         2
b - Mephitic Cloud        Conj/Pois/Air  0%         N/A       96%         3
c - Passwall              Tmut/Erth      0%         N/A       82%         2
d - Swiftness             Air            0%         N/A       96%         3

Your spell library contained the following spells:

 Spells                   Type           Power      Damage    Failure   Level
 Animate Skeleton         Necr           0%         N/A       67%         1
 Beastly Appendage        Tmut           0%         N/A       67%         1
 Foxfire                  Conj/Fire      0%         2x1d4     67%         1
 Freeze                   Ice            0%         1d3       67%         1
 Magic Dart               Conj           0%         1d3       67%         1
 Sandblast                Erth           0%         2d4       67%         1
 Shock                    Conj/Air       0%         1d3       67%         1
 Sting                    Tmut/Pois      0%         1d3       67%         1
 Summon Small Mammal      Summ           0%         N/A       67%         1
 Call Imp                 Summ           0%         N/A       82%         2
 Corpse Rot               Necr/Air       0%         N/A       82%         2
 Ensorcelled Hibernation  Hex/Ice        0%         N/A       82%         2
 Poisonous Vapours        Pois/Air       0%         N/A       82%         2
 Scorch                   Fire           0%         2d5       82%         2
 Static Discharge         Conj/Air       0%         N/A       82%         2
 Wereblood                Tmut           0%         N/A       82%         2
 Gell's Gravitas          Tloc           0%         N/A       96%         3
 Ignite Poison            Fire/Tmut/Pois 0%         N/A       96%         3
 Inner Flame              Hex/Fire       0%         N/A       96%         3
 Lesser Beckoning         Tloc           0%         N/A       96%         3
 Ozocubu's Armour         Ice            0%         N/A       96%         3
 Spider Form              Tmut/Pois      0%         N/A       96%         3
 Stone Arrow              Conj/Erth      0%         3d7       96%         3
 Summon Guardian Golem    Hex/Summ       0%         N/A       96%         3
 Teleport Other           Tloc           0%         N/A       96%         3
 Tukima's Dance           Hex            0%         N/A       96%         3
 Airstrike                Air            0%         N/A       100%        4
 Animate Armour           Summ/Erth      0%         N/A       100%        4
 Animate Dead             Necr           0%         N/A       100%        4
 Cause Fear               Hex            0%         N/A       100%        4
 Dispel Undead            Necr           0%         3d6       100%        4
 Flame Wave               Conj/Fire      0%         3d3       100%        4
 Hailstorm                Conj/Ice       0%         3d3       100%        4
 Iskenderun's Mystic Bla  Conj/Tloc      0%         2d3       100%        4
 Leda's Liquefaction      Hex/Erth       0%         N/A       100%        4
 Olgreb's Toxic Radiance  Pois           0%         N/A       100%        4
 Passage of Golubria      Tloc           0%         N/A       100%        4
 Summon Ice Beast         Ice/Summ       0%         N/A       100%        4
 Summon Lightning Spire   Summ/Air       0%         N/A       100%        4
 Alistair's Intoxication  Tmut/Pois      0%         N/A       100%        5
 Blade Hands              Tmut           0%         N/A       100%        5
 Borgnjor's Vile Clutch   Necr/Erth      0%         N/A       100%        5
 Fireball                 Conj/Fire      0%         3d3       100%        5
 Freezing Cloud           Conj/Ice/Air   0%         6-21      100%        5
 Irradiate                Conj/Tmut      0%         3d13      100%        5
 Manifold Assault         Tloc           0%         N/A       100%        5
 Metabolic Englaciation   Hex/Ice        0%         N/A       100%        5
 Silence                  Hex/Air        0%         N/A       100%        5
 Summon Mana Viper        Hex/Summ       0%         N/A       100%        5
 Death Channel            Necr           0%         N/A       100%        6
 Dispersal                Tloc           0%         N/A       100%        6
 Eringya's Noxious Bog    Tmut/Pois      0%         N/A       100%        6
 Invisibility             Hex            0%         N/A       100%        6
 Simulacrum               Ice/Necr       0%         N/A       100%        6
 Starburst                Conj/Fire      0%         6d3       100%        6
 Summon Cactus Giant      Summ           0%         N/A       100%        6
 Dragon Form              Tmut           0%         N/A       100%        7
 Malign Gateway           Summ/Tloc      0%         N/A       100%        7
 Monstrous Menagerie      Summ           0%         N/A       100%        7
 Orb of Destruction       Conj           0%         N/A       100%        7
 Ozocubu's Refrigeration  Ice            0%         4d5       100%        7
 Spellforged Servitor     Conj/Summ      0%         N/A       100%        7
 Storm Form               Tmut/Air       0%         N/A       100%        7
 Infestation              Necr           0%         N/A       100%        8
 Lehudib's Crystal Spear  Conj/Erth      0%         10d2      100%        8
 Necromutation            Tmut/Necr      0%         N/A       100%        8
 Summon Horrible Things   Summ           0%         N/A       100%        8
 Chain Lightning          Conj/Air       0%         N/A       100%        9
 Dragon's Call            Summ           0%         N/A       100%        9
 Polar Vortex             Ice            0%         N/A       100%        9


Dungeon Overview and Level Annotations

Branches:
Dungeon (15/15)            Temple (0/1) D:4            Lair (6/6) D:9
 Shoals (4/4) Lair:4       Spider (4/4) Lair:2        Slime (0/5) Lair:6
    Orc (2/2) D:9             Elf (3/3) Orc:2        Vaults (5/5) D:13
  Crypt (0/3) Vaults:3     Depths (4/4) D:15           Hell (visited)
    Zot (0/5) Depths:4    Ossuary (visited)
    Dis: Hell:1         Geh: Hell:1         Coc: Hell:1         Tar: Hell:1

Altars:
Ashenzari
Cheibriados
Fedhas
Gozag
Kikubaaqudgha
Makhleb
Nemelex Xobeh
Okawaru
Trog
Uskayaw
Vehumet
Wu Jian
Yredelemnul
Zin
Beogh

Shops:
D:1 (   D:5 *   D:6 ((   D:7 [   D:14 *   Orc:1 ?(   Orc:2 [(**   Depths:1 !:

Portals:
Hell: Depths:1 Depths:2 Depths:3 Depths:4
Abyss: Depths:1 Depths:2 Depths:3 Depths:4
Pandemonium: Depths:2 Depths:4
Ziggurat: Depths:2

Annotations:
D:5 exclusion: 2 doors
Spider:3 Roxanne
Elf:2 2 runed translucent doors
Vaults:1 2 transporters, theMacoje's ghost, adept OgEn
Vaults:5 Saint Roka
Hell Geryon


Innate Abilities, Weirdness & Mutations

You have a pair of large horns on your head.
You are surrounded by a strong repulsion field. (EV +4, RMsl)
A powerful demonic guardian rushes to your aid.
You are powered by pain.
Your magical and physical power is greatly enhanced at high health.


Message History

You climb upwards.
You feel extremely sick.
There is a stone staircase leading down here.
You take 59 damage, and have 44/205 hp.
MASSIVE DAMAGE!!
You bludgeon the titan!! You headbutt the titan.
The titan is almost dead.
You feel very sick.
The shadow dragon completely misses you.
You block the shadow dragon's attack. x2
You take 2 damage, and have 42/205 hp.
You hit the titan. You headbutt the titan.
You kill the titan!
The Council accepts your kill.
A freezing mist starts to gather...
A titan simulacrum comes into view.
You feel very sick. You block the tengu reaver's attack. x2
The tengu reaver claws you but does no damage.
You take 3 damage, and have 39/206 hp.
You bludgeon the titan simulacrum!! You headbutt the titan simulacrum!!
The titan simulacrum is almost destroyed.
You feel very sick.
The shadow dragon completely misses you.
You block the shadow dragon's attack.
The shadow dragon claws you but does no damage.
The tengu reaver gestures at you while chanting.
The bolt of cold hits you!! You resist.
* * * LOW HITPOINT WARNING * * *
The bolt of cold hits the titan simulacrum.
The titan simulacrum completely resists.
You take 32 damage, and have 7/206 hp.
You feel much better.
You feel a little less mighty now.
You feel very sick.
The shadow dragon bites you but does no damage.
The shadow dragon barely misses you. You block the shadow dragon's attack.
The titan simulacrum hits you!!
* * * LOW HITPOINT WARNING * * *
The titan simulacrum freezes you! You resist.
You die...

.#.##............................
##############################'##
.# #............ ## #............
# #.......>.... #............
#############............
#......[[Q..+............
#......[@[..#############
#......ZD(..# #...........#
#...........# #...........#
#############


You could see a shadow dragon (soul bound), a tengu reaver (soul bound,
empowered) and a titan simulacrum.

Vanquished Creatures
  A dread lich (Vaults:3)
  An ancient lich (Depths:3)
  A juggernaut (Depths:3)
  Xtahua (Vaults:2)
  Bai Suzhen (Shoals:3)
  A caustic shrike (shapeshifter) (Vaults:4)
  5 caustic shrikes (Depths:4)
  7 golden dragons
  2 deep elf blademasters (Elf:3)
  A walking crystal tome (Depths:3)
  8 liches
  2 hellephants (Depths:3)
  A walking divine tome (Depths:2)
  2 deep elf master archers (Elf:3)
  4 titans
  2 quicksilver dragons
  Polyphemus (Shoals:2)
  11 sphinxes
  Asterion (Vaults:2)
  The ghost of Bocughoh the Whirler, an adept HaHu of Okawaru (Depths:3)
  6 shadow dragons
  6 tengu reavers
  3 storm dragons
  The ghost of Todgh the Fighter, an adept GrFi of Ashenzari (Shoals:2)
  14 fire giants
  A draconian knight (Depths:4)
  8 frost giants
  2 ghost moths (Spider:4)
  7 deep elf sorcerers
  Aizul (Spider:3)
  17 vault wardens
  An orc warlord (Vaults:2)
  An iron dragon (Depths:4)
  2 draconian shifters (Depths:4)
  6 deep elf elementalists (Elf:3)
  A caustic shrike zombie (Depths:4)
  10 ironbound preservers
  10 emperor scorpions
  25 very ugly things
  7 stone giants
  8 war gargoyles
  A ghoul (Vaults:3)
  A black draconian (Depths:4)
  9 deep elf demonologists
  A lorocyproca (Abyss:3)
  2 green draconians (Depths:4)
  6 vampire knights
  9 dire elephants
  A red draconian (Depths:4)
  An entropy weaver (shapeshifter) (Vaults:4)
  2 entropy weavers
  A minotaur (Shoals:4)
  4 spark wasps
  9 deep elf annihilators
  A purple draconian (Depths:4)
  2 crystal guardians
  5 deep elf death magi
  4 merfolk impalers
  A merfolk javelineer (Depths:4)
  The ghost of Obruor the Thaumaturge, a journeyman DgEE (D:13)
  4 ettins
  4 ironbound thunderhulks
  6 fire dragons
  10 great orbs of eyes
  4 deep elf high priests
  7 ice dragons
  11 hydras
  6 peacekeepers
  37 vault guards
  13 yaktaur captains
  5 spriggan air magi
  7 rakshasas
  2 anacondas (shapeshifter)
  An ogre mage (D:13)
  2 merfolk avatars
  3 alligator snapping turtles
  9 boulder beetles
  9 centaur warriors
  4 ironbound frosthearts
  33 dancing weapons
  2 death knights
  3 catoblepae
  6 two-headed ogres
  14 satyrs
  2 deep troll earth magi (Depths:1)
  10 death yaks
  2 merfolk aquamancers
  7 tengu warriors
  9 deep troll shamans
  5 orc high priests
  6 hell hogs (Depths:3)
  3 vampire magi
  4 thrashing horrors
  4 spriggans
  4 spriggan berserkers
  16 deep elf knights
  Sonja (Lair:2)
  Urug (D:13)
  A soul eater (Depths:4)
  2 sun demons (Shoals:2)
  2 spatial maelstroms (Abyss:3)
  10 hell knights
  3 shadow wraiths (Depths:4)
  7 skeletal warriors
  6 iron trolls
  A flayed ghost (Depths:1)
  12 wizards
  16 sea snakes
  A glowing orange brain (Depths:4)
  A spectral anaconda (Lair:6)
  6 lindwurms
  56 deep trolls
  An obsidian statue (Lair:6)
  A lindwurm (shapeshifter) (Elf:2)
  6 deep elf archers
  16 ironbound convokers
  18 harpies
  2 sphinx zombies (Depths:4)
  6 necromancers
  3 phantasmal warriors
  36 deep elf pyromancers
  5 orc sorcerers
  10 orc knights
  30 deep elf zephyrmancers
  26 wolf spiders
  2 mana vipers (shapeshifter)
  7 cyclopes
  19 orb spiders
  16 manticores
  A manticore (shapeshifter) (Depths:1)
  A salamander (shapeshifter) (Vaults:4)
  9 elephants
  35 ugly things
  19 fauns
  A black mamba (Lair:2)
  A stone giant skeleton (Vaults:1)
  5 moths of wrath
  9 merfolk sirens
  16 vault sentinels
  Maurice (Orc:1)
  A smoke demon (Abyss:3)
  3 torpor snails
  An eye of devastation (Vaults:3)
  A dire elephant zombie (Lair:6)
  9 water nymphs
  11 cane toads
  2 gargoyles
  A dire elephant skeleton (Lair:6)
  12 demonic crawlers
  2 rime drakes
  Maggie (D:10)
  A kobold demonologist (D:12)
  2 freezing wraiths
  9 tengu conjurers
  27 yaktaurs
  5 komodo dragons
  2 efreet
  31 merfolk
  An elf skeleton (Vaults:1)
  A queen bee (Lair:3)
  7 trolls
  4 wind drakes
  A merfolk (shapeshifter) (Depths:1)
  39 jumping spiders
  17 hornets
  3 meliai (D:13)
  5 snapping turtles
  2 spectral elephants (Lair:6)
  A meliai zombie (D:11)
  9 blink frogs
  2 slime creatures (shapeshifter)
  A snapping turtle (shapeshifter) (Depths:3)
  6 dream sheep
  A raiju (Abyss:3)
  A large abomination (Abyss:4)
  18 slime creatures
  64 redbacks
  51 yaks
  3 humans (D:8)
  32 tarantellas
  2 wraiths
  2 shadows (D:10)
  2 air elementals
  3 basilisks
  12 water elementals
  3 vampires
  3 wyverns
  Grum (D:9)
  3 death yak simulacra (Lair:6)
  6 fire elementals
  A dire elephant simulacrum (Lair:6)
  The ghost of McGhostyFace the Archer, an amateur GnWn of Hepliaklqana (D:5)
  3 steam dragons
  7 wargs
  3 spatial vortices (Abyss:3)
  3 vampire mosquitoes (D:11)
  A swamp worm (shapeshifter) (Depths:3)
  2 spectral cane toads (Lair:6)
  2 floating eyes (shapeshifter)
  4 hell hounds
  18 water moccasins
  A floating eye (Depths:3)
  2 sky beasts
  39 orc warriors
  3 hornet zombies
  7 necrophages
  A human zombie (Vaults:1)
  An elephant zombie (Lair:6)
  14 ogres
  19 centaurs
  14 wolves
  2 kobold brigands (D:12)
  11 bullfrogs
  3 gnoll sergeants
  6 wyvern zombies (Ossuary)
  2 earth elementals
  A scorpion (D:2)
  3 cane toad simulacra (Lair:6)
  A wyvern skeleton (D:7)
  An elephant simulacrum (Lair:6)
  21 killer bees
  3 electric eels
  8 bullfrog zombies
  6 centaur zombies
  A jelly (D:6)
  2 centaur skeletons
  3 gnoll shamans
  7 hounds
  20 orc priests
  3 bullfrog skeletons (D:6)
  3 iguanas
  28 orc wizards
  4 hell rats (Lair:6)
  4 killer bee zombies (Ossuary)
  12 mummies (Ossuary)
  3 howler monkey zombies (Ossuary)
  Robin (D:2)
  36 gnolls
  3 adders
  2 ufetubi (D:7)
  2 adder skeletons
  3 worms
  2 dart slugs
  96 orcs
  8 ball pythons
  6 bats
  4 endoplasms
  2 giant cockroaches (D:2)
  12 goblins
  11 hobgoblins
  13 jackals
  12 kobolds
  3 quokkas
  2 frilled lizards
  A jackal skeleton (D:8)
  A kobold zombie (D:8)
  8 rats
  3 butterflies (Lair:4)
1916 creatures vanquished.

Vanquished Creatures (collateral kills)
  A dread lich (Depths:4)
  A juggernaut (Depths:2)
  A titan (Vaults:5)
  An orc warlord (Orc:2)
  A vault warden (Vaults:2)
  A deep elf sorcerer (Elf:3)
  A deep elf elementalist (Elf:3)
  2 vampire knights
  3 stone giants
  Azrael (Orc:2)
  2 deep elf demonologists (Elf:3)
  A black draconian (Depths:4)
  2 deep elf annihilators (Elf:3)
  A spark wasp (Depths:3)
  An ettin (Vaults:5)
  A yaktaur captain (Vaults:3)
  A vault guard (Vaults:5)
  2 hydras
  An ironbound frostheart (Vaults:3)
  A death yak (Lair:6)
  2 deep troll earth magi
  A deep elf knight (Elf:3)
  Nergalle (Lair:2)
  A deep troll (Depths:4)
  A deep elf archer (Elf:3)
  A harpy (Shoals:1)
  A phantasmal warrior (Vaults:4)
  A necromancer (Lair:6)
  An orc sorcerer (Orc:2)
  2 deep elf zephyrmancers (Elf:3)
  A cyclops (D:11)
  4 fauns
  A merfolk siren (Shoals:2)
  A water nymph (Shoals:2)
  A merfolk (Shoals:3)
  A troll (D:11)
  A jumping spider (Spider:3)
  3 slime creatures
  A redback (Spider:3)
  A wyvern (Lair:6)
  2 tarantellas (Spider:1)
  A yak (Lair:6)
  A spectral cane toad (Lair:6)
  2 hell hounds (Orc:2)
  An orc warrior (Orc:2)
  A hornet zombie (Ossuary)
  An ogre (D:4)
  A gnoll sergeant (D:6)
  A scorpion (Spider:1)
  An earth elemental (Elf:3)
  An elephant simulacrum (Lair:6)
  3 killer bees (Lair:3)
  A bullfrog zombie (Ossuary)
  3 orc priests (Orc:2)
  An iguana (D:7)
  An orc wizard (Orc:2)
  A hound skeleton (D:5)
  A mummy (Ossuary)
  8 orcs
  A goblin (D:2)
  A hobgoblin (D:2)
  2 jackals (D:1)
89 creatures vanquished.

Vanquished Creatures (others)
  A fire giant (Depths:2)
  A deep elf knight (Elf:2)
  An orc sorcerer (Orc:2)
  An elephant (Lair:6)
  A merfolk (Shoals:4)
  2 orcs
  40 fungi
  69 plants
  31 withered plants
147 creatures vanquished.

Grand Total: 2152 creatures vanquished

Notes
Turn   | Place    | Note
-------+----------+-------------------------------------------
     0 | D:1      | jasper the Demonspawn Artificer began the quest for the
                  | Orb.
     0 | D:1      | Reached XP level 1. HP: 15/15 MP: 1/1
   142 | D:1      | Reached skill level 1 in Dodging
   331 | D:1      | Gained mutation: A weak demonic guardian rushes to your
                  | aid. [demonic ancestry]
   331 | D:1      | Reached XP level 2. HP: 21/21 MP: 2/2
   645 | D:1      | Found Daikk's Antique Weapon Shop.
   721 | D:1      | Found a faded altar of an unknown god.
  1199 | D:1      | Reached XP level 3. HP: 26/26 MP: 3/3
  2410 | D:3      | Identified a scroll of acquirement
  2410 | D:3      | Acquired 860 gold pieces
  2613 | D:1      | Bought a runed broad axe for 154 gold pieces
  2696 | D:4      | Noticed a scorpion
  2832 | D:4      | Reached skill level 2 in Fighting
  3107 | D:4      | Found an ornate altar of the Wu Jian Council.
  3131 | D:4      | Reached XP level 4. HP: 33/33 MP: 4/4
  3135 | D:4      | Noticed an ogre
  3147 | D:4      | Killed an ogre
  3148 | D:4      | Reached skill level 1 in Axes
  3148 | D:4      | Gained mutation: A demonic guardian rushes to your aid.
                  | [demonic ancestry]
  3148 | D:4      | Reached XP level 5. HP: 25/39 MP: 3/5
  3150 | D:4      | Became a worshipper of the Wu Jian Council
  3356 | D:4      | Found a staircase to the Ecumenical Temple.
  3497 | D:4      | Noticed an ogre
  3505 | D:4      | Killed an ogre
  3705 | D:5      | Entered Level 5 of the Dungeon
  3794 | D:5      | Found a runed translucent gate.
  3794 | D:5      | Found a runed translucent gate.
  3794 | D:5      | Found a runed translucent gate.
  3797 | D:5      | Noticed McGhostyFace's ghost (amateur GnWn)
  3938 | D:5      | Noticed an ogre
  3959 | D:5      | Killed an ogre
  3960 | D:5      | Gained mutation: You are surrounded by a mild repulsion
                  | field. (EV +2) [demonic ancestry]
  3960 | D:5      | Reached XP level 6. HP: 43/46 MP: 6/6
  4204 | D:5      | Reached skill level 3 in Fighting
  4289 | D:5      | Found a sparkling altar of Nemelex Xobeh.
  4368 | D:5      | Found Qoshreqost's Serpentskin Sales.
  4368 | D:5      | Noticed a water moccasin
  4368 | D:5      | Noticed a water moccasin
  4368 | D:5      | Noticed a water moccasin
  4590 | D:5      | Noticed a water moccasin
  4599 | D:5      | Killed a water moccasin
  4600 | D:5      | Gained mutation: You are surrounded by a moderate repulsion
                  | field. (EV +3) [demonic ancestry]
  4600 | D:5      | Reached XP level 7. HP: 40/52 MP: 5/7
  5019 | D:6      | Found Tutept's Antique Weapon Shoppe.
  5206 | D:6      | Bought a twisted morningstar for 288 gold pieces
  5206 | D:6      | Identified the +9 morningstar of a Billion Mouths {vorpal,
                  | Str+4 Dex+2} (You bought it in a shop on level 6 of the
                  | Dungeon)
  5221 | D:6      | Found a blossoming altar of Fedhas.
  5305 | D:5      | Reached skill level 1 in Maces & Flails
  5606 | D:2      | Noticed Robin
  5612 | D:2      | Killed Robin
  5612 | D:2      | Reached * piety under Wu Jian
  5702 | D:2      | Reached XP level 8. HP: 60/60 MP: 8/8
  5852 | D:2      | Reached skill level 5 in Evocations
  6036 | D:5      | Killed McGhostyFace's ghost
  6037 | D:5      | Reached skill level 4 in Fighting
  6210 | D:7      | Found a sand-covered staircase.
  6215 | Ossuary  | Entered an ossuary
  6292 | Ossuary  | Reached ** piety under Wu Jian
  6643 | Ossuary  | Reached skill level 5 in Fighting
  6653 | Ossuary  | Gained mutation: You sometimes gain a little power by
                  | taking damage. [demonic ancestry]
  6653 | Ossuary  | Reached XP level 9. HP: 55/68 MP: 6/9
  6742 | Ossuary  | Identified the ring of Naos {rCorr Dex-2 Slay+5}
  6752 | Ossuary  | Reached skill level 5 in Armour
  6822 | Ossuary  | Reached skill level 5 in Maces & Flails
  7267 | D:7      | Found a snail-covered altar of Cheibriados.
  7425 | D:7      | Reached skill level 5 in Dodging
  7590 | D:7      | Reached *** piety under Wu Jian
  7664 | D:7      | Found Huaxzuop's Antique Armour Emporium.
  7672 | D:7      | Bought a cloak for 126 gold pieces
  8015 | D:7      | Paralysed by a hornet for 2 turns
  8390 | D:8      | Found an opulent altar of Gozag.
  8526 | D:8      | Found a runed translucent door.
  8531 | D:8      | Found a basalt altar of Yredelemnul.
  8545 | D:8      | Reached skill level 6 in Fighting
  8686 | D:8      | Noticed a tengu conjurer
  8689 | D:8      | Noticed a tengu warrior
  8855 | D:6      | Found Risalej's Weapon Shop.
  9021 | D:6      | Reached **** piety under Wu Jian
  9048 | D:6      | Gained mutation: You sometimes gain power by taking damage.
                  | [demonic ancestry]
  9048 | D:6      | Reached XP level 10. HP: 76/76 MP: 8/10
  9322 | D:6      | Found the +8 arc blade {discharge, rElec}
  9933 | D:9      | Reached skill level 1 in Shields
  9975 | D:9      | Found a staircase to the Orcish Mines.
  9981 | D:9      | Noticed Grum
 10009 | D:9      | Killed Grum
 10250 | D:9      | Found a staircase to the Lair.
 10738 | D:9      | Reached skill level 7 in Fighting
 10748 | D:9      | Reached ***** piety under Wu Jian
 10754 | D:9      | Found a burning altar of Makhleb.
 11169 | D:10     | Entered Level 10 of the Dungeon
 11282 | D:10     | Reached XP level 11. HP: 75/84 MP: 9/11
 11449 | D:10     | Found a bloodstained altar of Trog.
 11451 | D:10     | Found a hide-covered altar of Uskayaw.
 11524 | D:10     | Noticed Maggie
 11549 | D:10     | Killed Maggie
 11784 | D:10     | Identified the +2 buckler "Ureimon" {rPois rCorr Dex-3}
 11788 | D:10     | Found a broken altar of Ashenzari.
 12038 | D:11     | Noticed a centaur warrior
 12415 | Lair:1   | Entered Level 1 of the Lair of Beasts
 12415 | Lair:1   | Noticed a five-headed hydra
 12421 | Lair:1   | Killed a five-headed hydra
 12422 | Lair:1   | Reached skill level 8 in Fighting
 12538 | Lair:1   | Identified the +5 scale mail of Beauty {*Corrode Fly Str+4}
 12788 | Lair:1   | Noticed a six-headed hydra
 12795 | Lair:1   | Killed a six-headed hydra
 13430 | Lair:1   | Acquired a +2 kite shield of reflection
 13615 | Lair:2   | Reached skill level 10 in Maces & Flails
 13854 | Lair:2   | Noticed Nergalle
 13855 | Lair:2   | Noticed a spectral orc warlord
 13995 | Lair:2   | Killed Nergalle
 13996 | Lair:2   | Reached skill level 5 in Shields
 14091 | Lair:2   | Noticed Sonja
 14093 | Lair:2   | Killed Sonja
 14388 | Lair:2   | Reached XP level 12. HP: 94/94 MP: 12/12
 14808 | Lair:2   | Reached skill level 9 in Fighting
 15147 | Lair:2   | Found a hole to the Spider Nest.
 15647 | Lair:3   | Noticed an eight-headed hydra
 15652 | Lair:3   | Killed an eight-headed hydra
 15681 | Lair:3   | Noticed a five-headed hydra
 15701 | Lair:3   | Killed a five-headed hydra
 16992 | Lair:4   | Noticed a seven-headed hydra
 17067 | Lair:4   | Noticed a six-headed hydra
 17082 | Lair:4   | Killed a six-headed hydra
 17168 | Lair:4   | Killed a seven-headed hydra
 17391 | Lair:4   | Noticed a seven-headed hydra
 17400 | Lair:4   | Killed a seven-headed hydra
 17401 | Lair:4   | Reached skill level 10 in Fighting
 17401 | Lair:4   | Gained mutation: You have a pair of small horns on your
                  | head. [demonic ancestry]
 17401 | Lair:4   | Reached XP level 13. HP: 79/103 MP: 9/13
 17789 | Lair:4   | Found a staircase to the Shoals.
 18866 | Lair:5   | Reached skill level 10 in Armour
 19343 | Lair:6   | Entered Level 6 of the Lair of Beasts
 20138 | Lair:6   | Reached ****** piety under Wu Jian
 20352 | Lair:6   | Found a staircase to the Slime Pits.
 20511 | Lair:6   | Identified the +4 hand axe of Superiority {pain, Stlth+}
 20512 | Lair:6   | Noticed a dire elephant
 20514 | Lair:6   | Noticed a dire elephant
 20789 | Lair:6   | Gained mutation: You have a pair of horns on your head.
                  | [demonic ancestry]
 20789 | Lair:6   | Reached XP level 14. HP: 107/110 MP: 14/14
 21101 | Orc:1    | Entered Level 1 of the Orcish Mines
 21101 | Orc:1    | Noticed Maurice
 21821 | Orc:1    | Found Larghuc's Magic Scroll Boutique.
 21826 | Orc:1    | Paralysed by an orc sorcerer for 6 turns
 21911 | Orc:1    | Bought a scroll of enchant armour for 105 gold pieces
 21911 | Orc:1    | Bought a scroll of magic mapping for 49 gold pieces
 21911 | Orc:1    | Bought a scroll of silence for 105 gold pieces
 21911 | Orc:1    | Bought a scroll of vulnerability for 105 gold pieces
 22327 | Orc:2    | Entered Level 2 of the Orcish Mines
 22442 | Orc:2    | Noticed Azrael
 22477 | Orc:2    | Killed Azrael
 22961 | Orc:2    | Reached skill level 10 in Shields
 23211 | Orc:2    | Found Livaibal's Antique Armour Boutique.
 23267 | Orc:2    | Found Dehoputu's Antique Weapon Shop.
 23275 | Orc:2    | Reached skill level 15 in Maces & Flails
 23313 | Orc:2    | Paralysed by an orc sorcerer for 7 turns
 24140 | Orc:2    | Found a staircase to the Elven Halls.
 24204 | Orc:2    | Paralysed by an orc sorcerer for 5 turns
 24228 | Orc:2    | Identified the +5 war axe of the Hummingbird {protect,
                  | rElec rN++ Int-5 SInv}
 24749 | Orc:2    | Found Lubud's General Store.
 24767 | Orc:2    | Bought a scroll of teleportation for 36 gold pieces
 24767 | Orc:2    | Bought a scroll of enchant weapon for 90 gold pieces
 24767 | Orc:2    | Bought a scroll of teleportation for 36 gold pieces
 25009 | Orc:2    | Noticed an orc warlord
 25035 | Orc:2    | Killed an orc warlord
 25459 | Orc:2    | Found Heanehow's General Store.
 25479 | Orc:2    | Bought a potion of curing for 36 gold pieces
 25489 | Orc:2    | Bought a wand of acid (9) for 312 gold pieces
 25955 | Orc:1    | Killed Maurice
 26199 | Orc:1    | Found Qihituekk's Antique Weapon Boutique.
 27842 | D:11     | Gained mutation: Your magical and physical power is
                  | slightly enhanced at high health. [demonic ancestry]
 27842 | D:11     | Reached XP level 15. HP: 105/115 MP: 13/15
 28456 | D:11     | Identified the +1 scale mail of the Dungeon {Regen+ Int+2}
 28921 | D:12     | Identified the +11 chain mail of Sif Muna's Anger {rElec
                  | Will+ Dex+3}
 29633 | D:13     | Found a gate to the Vaults.
 29634 | D:13     | Found a runed translucent gate.
 29635 | D:13     | Found a runed translucent gate.
 29636 | D:13     | Found a runed translucent gate.
 29637 | D:13     | Found an opulent altar of Gozag.
 29638 | D:13     | Noticed a storm dragon
 29638 | D:13     | Noticed Obruor's ghost (journeyman DgEE)
 29648 | D:13     | Identified the amulet "Goucs" {Spirit Int+8}
 29764 | D:13     | Noticed Urug
 29771 | D:13     | Killed Urug
 30369 | D:13     | Killed a storm dragon
 30373 | D:13     | Killed Obruor's ghost
 30773 | D:14     | Found Coxi Cig's Blood Bar.
 31362 | D:15     | Entered Level 15 of the Dungeon
 31823 | D:15     | Acquired the -4 pair of gloves of Doguog {Will+ Regen+
                  | Str+7 Slay+3}
 31935 | D:15     | Reached skill level 15 in Shields
 32072 | D:15     | Found a portal to a secret trove of treasure.
 32564 | D:15     | Found a staircase to the Depths.
 33152 | D:8      | Found an iron altar of Okawaru.
 33369 | Shoals:1 | Entered Level 1 of the Shoals
 33582 | Shoals:1 | Reached XP level 16. HP: 105/122 MP: 16/16
 34434 | Shoals:2 | Noticed Polyphemus
 34479 | Shoals:2 | Killed Polyphemus
 35151 | Shoals:2 | Found a runed translucent door.
 35196 | Shoals:2 | Noticed Todgh's ghost (adept GrFi)
 35222 | Shoals:2 | Killed Todgh's ghost
 35330 | Shoals:2 | Identified the +5 mace of Xom's Righteous Anger {drain,
                  | rF++}
 35412 | Shoals:2 | Reached skill level 11 in Fighting
 36344 | Shoals:3 | Noticed Bai Suzhen
 36410 | Shoals:3 | Killed Bai Suzhen
 37059 | Shoals:4 | Entered Level 4 of the Shoals
 37069 | Shoals:4 | Gained mutation: You have a pair of large horns on your
                  | head. [demonic ancestry]
 37069 | Shoals:4 | Reached XP level 17. HP: 132/132 MP: 17/17
 37401 | Shoals:4 | Reached skill level 10 in Evocations
 37547 | Shoals:4 | Reached skill level 12 in Fighting
 37778 | Shoals:4 | Got the Reference Book on Snow
 38016 | Shoals:4 | Got a barnacled rune of Zot
 38019 | Shoals:4 | Got the Guide on Creative Contamination
 38361 | Elf:1    | Entered Level 1 of the Elven Halls
 38378 | Elf:1    | Found a radiant altar of Vehumet.
 38418 | Elf:1    | Found a flickering gateway to a bazaar.
 38431 | Bazaar   | Entered a bazaar
 38431 | Bazaar   | Found Tuneinuh's Magic Scroll Shoppe.
 38431 | Bazaar   | Found Lowo's Book Emporium.
 38433 | Bazaar   | Found Xierudgh's Antique Weapon Shoppe.
 38439 | Bazaar   | Bought a scroll of torment for 67 gold pieces
 38439 | Bazaar   | Bought a scroll of fog for 18 gold pieces
 38439 | Bazaar   | Bought a scroll of blinking for 67 gold pieces
 38439 | Bazaar   | Bought a scroll of vulnerability for 67 gold pieces
 38439 | Bazaar   | Bought a scroll of teleportation for 27 gold pieces
 38439 | Bazaar   | Bought a scroll of enchant weapon for 67 gold pieces
 38449 | Bazaar   | Found Emora's Distillery.
 38457 | Bazaar   | Bought a potion of curing for 51 gold pieces
 38457 | Bazaar   | Bought a potion of heal wounds for 85 gold pieces
 38457 | Bazaar   | Bought a potion of curing for 51 gold pieces
 38457 | Bazaar   | Bought 2 potions of heal wounds for 170 gold pieces
 38457 | Bazaar   | Bought 2 potions of heal wounds for 170 gold pieces
 38457 | Bazaar   | Bought a potion of curing for 51 gold pieces
 38457 | Bazaar   | Bought a potion of lignification for 51 gold pieces
 38457 | Bazaar   | Bought a potion of might for 68 gold pieces
 38457 | Bazaar   | Bought a potion of might for 68 gold pieces
 38457 | Bazaar   | Bought a potion of curing for 51 gold pieces
 38457 | Bazaar   | Bought 2 potions of ambrosia for 272 gold pieces
 39860 | Elf:2    | Gained mutation: You are powered by pain. [demonic
                  | ancestry]
 39860 | Elf:2    | Reached XP level 18. HP: 142/142 MP: 18/18
 39865 | Elf:2    | Found a large runed translucent door.
 39865 | Elf:2    | Found a large runed translucent door.
 39930 | Elf:2    | Found a large runed translucent door.
 39930 | Elf:2    | Found a large runed translucent door.
 40159 | Elf:2    | Got the Reference Book on the Escort
 40241 | Elf:2    | Identified the +2 chain mail of the Six Servitors {Contam
                  | rPois Int+4 Stlth+}
 40442 | Elf:2    | Reached skill level 13 in Fighting
 40644 | Elf:2    | Reached skill level 10 in Dodging
 40781 | Elf:2    | Cast into level 2 of the Abyss (+1 short sword of
                  | distortion)
 40945 | Abyss:4  | Found a corrupted altar of Lugonu.
 41038 | Elf:2    | Escaped the Abyss
 41174 | Elf:3    | Entered Level 3 of the Elven Halls
 42152 | Elf:3    | Reached XP level 19. HP: 151/151 MP: 19/19
 42230 | Elf:3    | Identified the +1 chain mail "Cepeacel" {rC+ Str+3}
 42446 | Elf:3    | Reached skill level 14 in Fighting
 42908 | Spider:1 | Entered Level 1 of the Spider Nest
 43153 | Spider:1 | Reached skill level 15 in Evocations
 43282 | Spider:1 | Identified the +10 hunting sling of Daga {speed, rPois rF-
                  | Dex+3}
 43479 | Spider:1 | Learned a level 2 spell: Blink
 43497 | Spider:1 | Learned a level 3 spell: Mephitic Cloud
 43500 | Spider:1 | Learned a level 2 spell: Passwall
 43504 | Spider:1 | Learned a level 3 spell: Swiftness
 44240 | Spider:2 | Got the Grimoire of Gliding Heat
 44849 | Spider:3 | Identified Roxanne's Almanac of Shape Shifting
 44849 | Spider:3 | Noticed Roxanne
 45037 | Spider:3 | Noticed Aizul
 45046 | Spider:3 | Killed Aizul
 45253 | Spider:3 | Reached skill level 15 in Fighting
 45923 | Spider:4 | Entered Level 4 of the Spider Nest
 46716 | Spider:4 | Gained mutation: A powerful demonic guardian rushes to your
                  | aid. [demonic ancestry]
 46716 | Spider:4 | Reached XP level 20. HP: 162/162 MP: 2/20
 46754 | Spider:4 | Got a gossamer rune of Zot
 47262 | Vaults:1 | Entered Level 1 of the Vaults
 47706 | Vaults:1 | Reached skill level 15 in Armour
 48144 | Vaults:1 | Found a transporter.
 48148 | Vaults:1 | Found a bloodstained altar of Trog.
 48148 | Vaults:1 | Noticed theMacoje's ghost (adept OgEn)
 48160 | Vaults:1 | Found a transporter.
 48253 | Vaults:1 | Reached skill level 16 in Fighting
 48821 | Vaults:2 | Noticed Xtahua
 48829 | Vaults:2 | Killed Xtahua
 48990 | Vaults:2 | Identified the +7 executioner's axe of Torid {spect, rC+
                  | rN+ Str-3}
 49199 | Vaults:2 | Reached skill level 17 in Fighting
 49310 | Vaults:2 | Noticed Asterion
 49325 | Vaults:2 | Killed Asterion
 49359 | Vaults:2 | Gained mutation: Your magical and physical power is
                  | enhanced at high health. [demonic ancestry]
 49359 | Vaults:2 | Reached XP level 21. HP: 25/175 MP: 14/21
 50030 | Vaults:2 | Found the +4 dagger "Morg" {pain, Will+ Int+5}
 50274 | Vaults:3 | Reached skill level 15 in Dodging
 50522 | Vaults:3 | Reached skill level 18 in Fighting
 50579 | Vaults:3 | Noticed a dread lich
 50597 | Vaults:3 | Killed a dread lich
 50598 | Vaults:3 | Reached skill level 19 in Fighting
 51407 | Vaults:3 | Found a staircase to the Crypt.
 52154 | Vaults:4 | Reached skill level 20 in Fighting
 53017 | Depths:1 | Entered Level 1 of the Depths
 53018 | Depths:1 | Found Qyneyzuan's Book Emporium.
 53112 | Depths:1 | Found an opulent altar of Gozag.
 53178 | Depths:1 | Found Pumomn's Distillery.
 53186 | Depths:1 | Bought a potion of lignification for 48 gold pieces
 53186 | Depths:1 | Bought a potion of curing for 48 gold pieces
 53324 | Depths:1 | Reached XP level 22. HP: 184/190 MP: 22/22
 53468 | Depths:1 | Found a one-way gate to the infinite horrors of the Abyss.
 53689 | Depths:1 | Found a gateway to Hell.
 54401 | Depths:2 | Noticed a golden dragon
 54416 | Depths:2 | Killed a golden dragon
 54453 | Depths:2 | Found a gateway to a ziggurat.
 54654 | Depths:2 | Noticed a juggernaut
 54672 | Depths:2 | Noticed a golden dragon
 54676 | Depths:2 | Killed a golden dragon
 54688 | Depths:2 | Killed a juggernaut
 54782 | Depths:2 | Got the Tome of Torrid Intoxication
 54852 | Depths:2 | Found a one-way gate leading to the halls of Pandemonium.
 55525 | Hell     | Entered the Vestibule of Hell
 55526 | Hell     | Noticed Geryon
 55668 | Depths:3 | Noticed a juggernaut
 55678 | Depths:3 | Killed a juggernaut
 55692 | Depths:3 | Noticed Bocughoh's ghost (adept HaHu)
 55705 | Depths:3 | Found a runed translucent door.
 55735 | Depths:3 | Killed Bocughoh's ghost
 55745 | Depths:3 | Acquired a manual of Shields
 56246 | Depths:3 | Noticed an ancient lich
 56255 | Depths:3 | Paralysed by a floating eye for 3 turns
 56281 | Depths:3 | Killed an ancient lich
 56282 | Depths:3 | Gained mutation: You are surrounded by a strong repulsion
                  | field. (EV +4, RMsl) [demonic ancestry]
 56282 | Depths:3 | Reached XP level 23. HP: 140/196 MP: 23/23
 56951 | Depths:4 | Entered Level 4 of the Depths
 57178 | Depths:4 | Found an ancient bone altar of Kikubaaqudgha.
 57190 | Depths:4 | Noticed a caustic shrike
 57191 | Depths:4 | Noticed a caustic shrike
 57191 | Depths:4 | Noticed a caustic shrike
 57191 | Depths:4 | Noticed a caustic shrike
 57193 | Depths:4 | Noticed a caustic shrike
 57196 | Depths:4 | Killed a caustic shrike
 57196 | Depths:4 | Killed a caustic shrike
 57198 | Depths:4 | Killed a caustic shrike
 57199 | Depths:4 | Killed a caustic shrike
 57199 | Depths:4 | Killed a caustic shrike
 57345 | D:15     | You paid a toll of +3 gold dragon scales to enter a
                  | treasure trove
 57346 | Trove    | Entered a treasure trove
 57360 | Trove    | Got Sif Muna's Incunabulum of Blistering Displacement
 57384 | Trove    | Got Haejo's Catalogue of Earthen Lightness
 57425 | Trove    | Got Sif Muna's First Steps in Rites and Rhymes
 57653 | Orc:2    | Bought dazzling quicksilver dragon scales for 2015 gold
                  | pieces
 57653 | Orc:2    | Identified the quicksilver dragon scales of Iramusuv {Will+
                  | Str+4 Dex+2} (You bought it in a shop on level 2 of the
                  | Orcish Mines)
 58173 | Depths:4 | Found a gate to the Realm of Zot.
 58852 | Depths:4 | Noticed a dread lich
 58859 | Depths:4 | Reached skill level 21 in Fighting
 58879 | Depths:4 | Killed a dread lich
 58986 | Depths:4 | Got the Papyrus of Evil Rituals
 59372 | Vaults:5 | Entered Level 5 of the Vaults
 59680 | Vaults:5 | Noticed a caustic shrike
 59680 | Vaults:5 | a stone giant changed into a caustic shrike
 59690 | Vaults:4 | Killed a caustic shrike
 59870 | Vaults:5 | Gained mutation: Your magical and physical power is greatly
                  | enhanced at high health. [demonic ancestry]
 59870 | Vaults:5 | Reached XP level 24. HP: 62/208 MP: 23/23
 60217 | Vaults:5 | Noticed Saint Roka
 60433 | Vaults:4 | HP: 7/206 [tengu reaver/bolt of cold (30)]
 60434 | Vaults:4 | Slain by a titan simulacrum

Illustrated notes

Levels and vault maps discovered:
D:1:      ncdulo_lavacross, layout_loops_ring,
          hellmonk_ecumenical_altar_inner_sanctum, serial_shops,
          nicolae_shop_stone
D:2:      layout_basic, uniq_robin
D:3:      layout_basic
D:4:      layout_rooms, nicolae_wu_jian_wuxing_cycle,
          minmay_temple_entry_junction
D:5:      layout_gridville, amcnicky_altar_gilded, gammafunk_ghost_necromancy,
          guppyfry_shop_venom
D:6:      layout_cave_pools, mainiacjoe_overflow_big_doors, serial_gnoll_camp,
          gnoll_camp_mini_doghouse, gnoll_camp_mini_sergeant,
          gnoll_camp_huts_moat, gnoll_camp_mini_shop, gnoll_camp_mini_shop,
          bh_walls_and_bars
D:7:      minmay_general_purpose_star, layout_loops_corners,
          mainiacjoe_overflow_alcove_2, nicolae_ossuary_entry_plus,
          serial_shops, shop
D:8:      layout_gridville, mainiacjoe_overflow_boulevard, okawaru_humans,
          dk_yredelemnul_ordeal, minmay_manual_mess
D:9:      layout_roguey, lemuel_crystal_altar, erik_lair_orcish_takeover,
          orc_0_dummy, uniq_grum
D:10:     layout_basic, chequers_temple_overflow_statue_of_worship,
          cheibrodos_ashenzari_chains, minmay_misc_feat_four_crosses,
          minmay_misc_feat_ornament, uniq_maggie
D:11:     minmay_inside_and_out, layout_rooms, chequers_serial_rivers_large_a
D:12:     layout_roguey
D:13:     layout_loops_cross, erik_vaults_1, ebering_ghost_gozag, uniq_urug
D:14:     layout_roguey, nrook_campfire, guppyfry_shop_blood
D:15:     grunt_enter_depths_snipers, layout_stronghold, enter_trove_6
Lair:1:   layout_regular_city
Lair:2:   layout_gridlike, nicolae_spider_entry_tight_spaces, uniq_sonja,
          uniq_nergalle
Lair:3:   layout_roguey [special_room_bee], roderic_carrion_pond
Lair:4:   layout_misc_corridors, minmay_shoals_entry_centaurs,
          lemuel_fruit_fields, lemuel_fruit_fields, lemuel_fruit_tree
Lair:5:   layout_regular_city, grunt_megastairs_4, infiniplex_staircase_pool_2
Lair:6:   due_jungle_book, layout_cave_shapes, slime_dummy
Shoals:1: layout_shoals
Shoals:2: layout_shoals, ebering_ghost_reflecting_pool,
          nicolae_shoals_sun_and_surf, uniq_polyphemus
Shoals:3: cheibrodos_shoals_satyrical_garden, layout_shoals, uniq_bai_suzhen
Shoals:4: shoals_end_hellmonk_lost_city, serial_shops
Spider:1: nicolae_spider_corner
Spider:2: layout_spider_delve
Spider:3: layout_spider_delve, special_room, uniq_aizul, uniq_roxanne
Spider:4: spider_rune_water, drop_trap
Orc:1:    layout_diamond_mine, serial_shops, nicolae_lakefront_shop,
          nicolae_shop_statue_plus, uniq_maurice
Orc:2:    pubby_orc_utopia, uniq_azrael
Elf:1:    eino_elf_arrival_altar, layout_onion_city, serial_shops,
          bzr_entry_islet, evilmike_minifort
Elf:2:    elven_hall_of_blades_hangedman_alternative
          [nicolae_blade_entry_splitting_headache], layout_loops_ring,
          hangedman_elf_targetted_burst, minmay_elf_demonology,
          lemuel_upstairs_altar
Elf:3:    minmay_elf_hall_hex, layout_loops_cross
Vaults:1: gammafunk_ghost_wrathful_warriors, hangedman_vaults_corner_blocks,
          vaults_room_guarded_vault, ontoclasm_vaults_chip,
          vaults_room_stairs_pillars, layout_vaults_omnigrid
Vaults:2: hangedman_vaults_impose, hangedman_vaults_unwind,
          nicolae_vaults_network_square, hangedman_vaults_stitches,
          ontoclasm_vaults_chip, ontoclasm_vaults_pinch, grunt_vaults_funnel,
          vaults_dpeg_ring, vaults_mumra_hex, vaults_room_grid,
          ontoclasm_vaults_gateway, vaults_room_semicircle,
          ontoclasm_vaults_echo, ontoclasm_vaults_decontamination,
          nicolae_vaults_theta, layout_vaults_ring, uniq_xtahua, uniq_asterion
Vaults:3: nicolae_vaults_border_crossing, minmay_crypt_entry_simple_corners,
          nicolae_vaults_mini_display_case, nicolae_vaults_puzzle_piece,
          vaults_room_octagon, st_greater_box_5, hangedman_vaults_snaps,
          vaults_room_pools, v_misc_27, nicolae_vaults_circle_grid_a,
          nicolae_vaults_shelves_hall, vaults_dpeg_hooks, serial_ice_m,
          layout_vaults_omnibox
Vaults:4: vaults_room_ringed_pool, nicolae_vaults_circle_grid_b,
          ontoclasm_vaults_shuriken, st_more_cells, v_misc_2, v_rooms_2,
          ontoclasm_vaults_fault, ontoclasm_vaults_hangar,
          layout_vaults_big_room
Vaults:5: serial_shops, uniq_sojobo, uniq_boris, uniq_margery, uniq_saint_roka
Depths:1: layout_basic, grunt_hell_entry_dis_grunt, hex_tiny, abyss_entry,
          grunt_gozag_breadcrumbs, minmay_shoptagon, serial_bayou_shore_a
Depths:2: minmay_swirls_squares, layout_gridlike, enter_ziggurat_b,
          abyss_entry_glasseish, serial_bayou_shore_b, hell_entry, pan_entry,
          firewood_loft
Depths:3: grunt_twisty_corner, layout_honeycomb, abyss_entry,
          hellmonk_ghost_happy_afterlife, grunt_hell_horde,
          grunt_decor_mini_mirrors
Depths:4: grunt_zot_entry_funnels, layout_gridlike,
          nicolae_kikubaaqudgha_miasma_corner, hell_entry, special_room
          [special_room_morgue], rand_demon_pan_entry_1, abyss_entry_crystal
Hell

Skill      XL: |  1  2  3  4  5  6  7  8  9 10 11 12 13 14 15 16 17 18 19 20 21 22 23 24 |
---------------+-------------------------------------------------------------------------+-----
Dodging        | 1 2 3 4 5 6 8 9 10 12 14 15 16 | 16.5
Armour         | 2 3 4 6 7 8 9 10 11 12 13 14 15 16 17 | 17.1
Fighting       | 2 3 5 6 7 8 10 11 12 13 15 17 20 21 | 21.3
Axes           | 1 2 3 |  3.5
Evocations     | 4 5 9 12 14 15 16 18 | 18.5
Maces & Flails | 2 4 6 8 10 12 14 15 16 17 | 17.3
Shields        | 3 5 7 9 11 15 16 17 | 17.6
Stealth        | |  0.8

Action                   |  1- 3 |  4- 6 |  7- 9 | 10-12 | 13-15 | 16-18 | 19-21 | 22-24 || total
-------------------------+-------+-------+-------+-------+-------+-------+-------+-------++-------
Melee: Club              |    73 |       |       |       |       |       |       |       ||    73
       Rapier            |    40 |    32 |    24 |       |       |       |       |       ||    96
       Mace              |     8 |       |       |       |       |       |       |       ||     8
       Morningstar       |       |       |   297 |   442 |  1061 |   830 |  1218 |   834 ||  4682
       Headbutt          |       |       |       |       |   279 |   262 |   427 |   333 ||  1301
Throw: Stone             |    63 |    11 |    33 |    29 |    26 |       |       |       ||   162
       Boomerang         |       |       |       |       |     8 |    11 |       |       ||    19
       Throwing net      |       |       |       |       |       |       |     2 |       ||     2
Invok: Lunge             |       |     1 |    21 |    19 |    98 |    96 |    82 |     1 ||   318
       Whirlwind         |       |       |    15 |    32 |    79 |    51 |    99 |    47 ||   323
       Serpent's Lash    |       |       |     1 |     1 |     2 |       |       |       ||     4
       Heavenly Storm    |       |       |       |     1 |       |       |       |       ||     1
 Abil: Wall Jump         |       |       |       |     3 |    13 |     2 |     6 |     1 ||    25
Evoke: Wand              |     8 |     2 |     8 |    27 |    28 |   110 |    16 |     3 ||   202
       Box of beasts     |       |       |       |     1 |     3 |     5 |     3 |     2 ||    14
       Condenser vane    |       |       |       |       |       |     8 |    11 |     7 ||    26
       Lightning rod     |       |       |       |       |       |    19 |    14 |     4 ||    37
       Tin of tremorston |       |       |       |       |       |       |    14 |    11 ||    25
       Phantom mirror    |       |       |       |       |       |       |     2 |       ||     2
       Phial of floods   |       |       |       |       |       |       |     2 |       ||     2
  Use: Scroll            |     5 |     3 |    10 |    10 |     7 |     5 |     2 |     5 ||    47
       Potion            |       |       |     1 |     2 |       |     2 |     5 |     4 ||    14
 Stab: Sleeping          |     1 |       |     3 |       |       |       |       |       ||     4
       Petrified         |       |       |       |       |     4 |       |       |       ||     4
       Distracted        |       |       |       |       |     3 |     5 |     2 |     2 ||    12
       Betrayed ally     |       |       |       |       |     1 |       |       |       ||     1
       Held in net/web   |       |       |       |       |       |       |     1 |       ||     1
       Paralysed         |       |       |       |       |       |       |     1 |       ||     1
Armor: Leather armour    |    37 |     3 |    14 |       |       |       |       |       ||    54
       Plate armour      |       |       |   185 |   155 |       |       |       |       ||   340
       Scale mail        |       |       |       |   115 |   140 |       |       |       ||   255
       Chain mail        |       |       |       |       |    54 |   135 |   224 |   217 ||   630
Dodge: Dodged            |    89 |    12 |   224 |   284 |   351 |   297 |   455 |   458 ||  2170
       Repelled          |       |       |       |       |       |       |       |    12 ||    12
Block: Kite shield       |       |       |       |   302 |   550 |   513 |   807 |   662 ||  2834
       Reflection        |       |       |       |     1 |    35 |    96 |    30 |    29 ||   191
       Buckler           |       |       |       |       |    11 |       |       |       ||    11

Table legend: (Time is in decaauts)
 A = Elapsed time spent in this place.
 B = Non-inter-level travel time spent in this place.
 C = Inter-level travel time spent in this place.
 D = Time resting spent in this place.
 E = Time spent auto-exploring this place.
 F = Levels seen in this place.
 G = Mean time per level.
                   A        B        C        D        E       F      G
               +--------+--------+--------+--------+--------+-----+--------+
         Total |  60260 |  54780 |   5480 |  11210 |  31659 |  50 | 1205.2 |
       Dungeon |  18871 |  16910 |   1961 |   2416 |  11626 |  15 | 1258.1 |
          Lair |  10147 |   9449 |    698 |   2624 |   5020 |   6 | 1691.2 |
        Shoals |   4953 |   4701 |    252 |   1719 |   1770 |   4 | 1238.2 |
   Spider Nest |   4142 |   3275 |    867 |    425 |   1905 |   4 | 1035.5 |
  Orcish Mines |   4774 |   4345 |    429 |   1133 |   2305 |   2 | 2387.0 |
   Elven Halls |   3998 |   3759 |    239 |    542 |   2229 |   3 | 1332.7 |
        Vaults |   6687 |   6136 |    551 |   1398 |   3262 |   5 | 1337.4 |
        Depths |   5318 |   4838 |    480 |    410 |   3177 |   4 | 1329.5 |
          Hell |      1 |      1 |      0 |      0 |      0 |   1 |    1.0 |
         Abyss |    247 |    247 |      0 |     53 |     94 |   3 |   82.3 |
        Bazaar |     37 |     37 |      0 |      0 |     28 |   1 |   37.0 |
         Trove |     90 |     90 |      0 |      0 |     18 |   1 |   90.0 |
       Ossuary |    989 |    989 |      0 |    489 |    222 |   1 |  989.0 |
               +--------+--------+--------+--------+--------+-----+--------+

Top non-repeatable levels by time:
   Orc:2: 3742 daAuts
  Lair:6: 2344 daAuts
  Lair:2: 2336 daAuts
     D:9: 2276 daAuts
Vaults:4: 2172 daAuts
  Lair:5: 1688 daAuts
     D:1: 1640 daAuts
Vaults:3: 1618 daAuts
Depths:3: 1572 daAuts
    D:11: 1514 daAuts
     D:5: 1489 daAuts
    D:15: 1468 daAuts
Vaults:2: 1454 daAuts
   Elf:2: 1430 daAuts
Spider:1: 1404 daAuts
